 Dungeon Crawl Stone Soup version 0.29.1-15-g9cfb28693d (webtiles) character file.

Game seed: 15434127389497330455

3 Heoruswealwe the Caller (level 1, 0/10 HPs)
             Began as a Deep Elf Summoner on Mar 4, 2023.
             Slain by a goblin
             ... wielding a +2 dagger of venom
              (4 damage)
             ... on level 1 of the Dungeon.
             The game lasted 00:01:41 (111 turns).

Heoruswealwe the Caller (Deep Elf Summoner)          Turns: 111, Time: 00:01:42

Health: 0/10       AC:  2    Str:  5    XL:     1   Next: 41%
Magic:  4/6        EV: 12    Int: 19    God:
Gold:   0          SH:  0    Dex: 15    Spells: 5/6 levels left

rFire   . . .      SeeInvis .   (no weapon)
rCold   . . .      Faith    .   (no shield)
rNeg    . . .      Spirit   .   a - +0 robe
rPois   .          Reflect  .   (no helmet)
rElec   .          Harm     .   (no cloak)
rCorr   .          Rampage  .   (no gloves)
Will    .....                   (no boots)
Stlth   ++........              (no amulet)
HPRegen 0.03/turn               (no ring)
MPRegen 0.10/turn               (no ring)

@: lethally poisoned (0 -> -8)
A: no striking features
a: no special abilities


You were on level 1 of the Dungeon.
You visited 1 branch of the dungeon, and saw 1 of its levels.

Inventory:

Hand Weapons
 c - a +0 dagger
Armour
 a - a +0 robe (worn)
Potions
 b - a potion of magic


   Skills:
 - Level 2.4 Dodging
 - Level 2.4 Stealth
 + Level 3.2 Spellcasting
 + Level 4.5 Summonings


You had 5 spell levels left.
You knew the following spells:

 Your Spells              Type           Power      Damage    Failure   Level
a - Summon Small Mammal   Summ           80%        N/A       2%          1

Your spell library contained the following spells:

 Spells                   Type           Power      Damage    Failure   Level
 Call Imp                 Summ           20%        N/A       3%          2
 Call Canine Familiar     Summ           20%        N/A       7%          3
 Summon Guardian Golem    Hex/Summ       11%        N/A       19%         3
 Summon Lightning Spire   Summ/Air       11%        N/A       52%         4


Dungeon Overview and Level Annotations

Branches:
Dungeon (1/15)

Altars:


Message History

The goblin dies!
You swap places.
Things that are here:
a +0 dagger; a goblin corpse
c - a +0 dagger A kobold comes into view.
It is wielding a +3 short sword.
The kobold shouts!
You hear a shout!
The kobold throws a stone.
The stone barely misses you.
A kobold comes into view. It is wielding a +0 club.
The kobold throws a stone.
The stone closely misses your quokka. The stone hits you but does no damage.
The kobold misses your quokka.
The kobold hits your quokka with a +3 short sword.
Your quokka dies!
Your quokka's corpse disappears in a puff of smoke!
The kobold closely misses you.
The kobold throws a stone.
The stone closely misses you.
Your rat bites the kobold.
The kobold misses you. The kobold attacks as you move away!
The kobold misses you.
Found a dagger.
You swap places.
Your bat misses the kobold.
Your bat closely misses the kobold.
Your rat bites the kobold.
The kobold dies!
Your bat disappears in a puff of smoke!
A goblin comes into view. It is wielding a +2 dagger of venom.
The kobold barely misses you.
Your quokka bites the kobold.
The kobold closely misses you.
Your quokka misses the kobold.
Your rat bites the kobold.
The kobold dies!
The goblin hits your rat with a +2 dagger of venom.
Your rat is poisoned.
Your rat closely misses the goblin.
The goblin hits your rat with a +2 dagger of venom.
Your rat dies!
Your rat's corpse disappears in a puff of smoke!
The goblin barely misses you.
The goblin hits you with a +2 dagger of venom.
You are lethally poisoned!
You feel sick.
The goblin hits you with a +2 dagger of venom.
You die...

### ... #.# #.#
##### #.# #...#
#)# #...#
####r###...###.#
#..@g..).......#
#.##.###...##### #
#.# #...# #.#
#...# #.# #...###
..# #..†..#
###########.##
#~PP.........###.#
#PP~##.###.......#


You could see a goblin and a friendly quokka (summoned).

Vanquished Creatures (collateral kills)
  2 kobolds (D:1)
  A goblin (D:1)
3 creatures vanquished.

Notes
Turn   | Place    | Note
-------+----------+-------------------------------------------
     0 | D:1      | Heoruswealwe the Deep Elf Summoner began the quest for the
                  | Orb.
     0 | D:1      | Reached XP level 1. HP: 10/10 MP: 6/6
   111 | D:1      | Slain by a goblin

Illustrated notes

Levels and vault maps discovered:
D:1:      psy_arrival_conway, layout_basic, chequers_ecumenical_altar_island

Action                   || total
-------------------------++-------
Melee: Unarmed           ||     1
 Cast: Summon Small Mamm ||     4
Armor: Robe              ||     1
Dodge: Dodged            ||     8
